 Dungeon Crawl Stone Soup version 0.18.1-8-gdd0e5ea (webtiles) character file.

170 Quirk the Skirmisher (level 5, -1/42 HPs)
             Began as a Demonspawn Gladiator on May 25, 2016.
             Slain by a gnoll
             ... wielding a +2 spear of venom
              (7 damage)
             ... on level 3 of the Dungeon.
             The game lasted 00:07:12 (2564 turns).

Quirk the Skirmisher (Demonspawn Gladiator)         Turns: 2564, Time: 00:07:13

Health: -1/42      AC:  8    Str: 15    XL:     5   Next: 25%
Magic:  5/5        EV: 12    Int: 10    God:
Gold:   109        SH:  0    Dex: 14    Spells: 0 memorised, 4 levels left

rFire  . . .     SeeInvis .     a - +0 war axe
rCold  . . .     Gourm    .     b - +0 leather armour
rNeg   . . .     Faith    .     (no shield)
rPois  .         Spirit   .     c - +0 helmet
rElec  .         Dismiss  .     l - +0 cloak
rCorr  .         Reflect  .     (no gloves)
SustAt .         Harm     .     (no boots)
MR     .....                    (no amulet)
Stlth  +.........               (no ring)
                                (no ring)

@: not resistant to hostile enchantments, very unstealthy
A: icy blue scales 2
a: no special abilities


You were on level 3 of the Dungeon.
You were very hungry.

You visited 1 branch of the dungeon, and saw 3 of its levels.
You also visited: Sewer.

You collected 109 gold pieces.

Inventory:

Hand Weapons
 a - a +0 war axe (weapon)
Missiles
 d - 3 throwing nets (quivered)
Armour
 b - a +0 leather armour (worn)
 c - a +0 helmet (worn)
 h - a +0 cloak
 l - a +0 cloak (worn)
Scrolls
 e - 2 scrolls of remove curse
 j - a scroll of fear {unknown}
 k - a scroll of enchant armour {unknown}
 m - 2 scrolls of magic mapping {unknown}
 r - a scroll of amnesia {unknown}
 t - 3 scrolls of teleportation {unknown}
 w - a scroll of random uselessness {unknown}
Potions
 i - a potion of berserk rage
 n - 2 potions of mutation
 q - a potion of brilliance
 s - a potion of invisibility
 u - 2 potions of flight
 v - a potion of might {unknown}
Comestibles
 f - 5 bread rations
 o - 4 fruits
 p - a slice of pizza


   Skills:
 * Level 3.7 Fighting
 + Level 3.5 Axes
 - Level 1.7 Throwing
 + Level 1.3 Armour
 + Level 3.5 Dodging


You had 4 spell levels left.
You didn't know any spells.

Dungeon Overview and Level Annotations

Branches:
Dungeon (3/15)

Altars:
Xom

Annotations:
D:3 Blunderbuss's ghost, amateur OgFE


Innate Abilities, Weirdness & Mutations

You are mostly covered in icy blue scales (AC +3, EV -1).


Message History

The gnoll closely misses you.
The gnoll hits you from afar with a spear of venom.
* * * LOW HITPOINT WARNING * * *
You are lethally poisoned!
The gnoll hits you with a club.
* * * LOW HITPOINT WARNING * * *
The gnoll hits you but does no damage.
Drink which item? (? for menu, Esc to quit)
You feel better. The gnoll barely misses you. The gnoll hits you with a club.
* * * LOW HITPOINT WARNING * * *
The gnoll hits you from afar with a spear.
* * * LOW HITPOINT WARNING * * *
Unknown command.
Drink which item? (? for menu, Esc to quit)
It was a potion of berserk rage.
You're too hungry to go berserk.
The gnoll misses you. x2; The gnoll hits you but does no damage.
You slash the gnoll!
The gnoll is almost dead.
The gnoll hits you from afar with a spear of venom!
You die...

#. #..........###
...#.....#####...
#..............#
#.##...........#
#.
#....≈######### #
#...≈≈[÷.≈.≈≈≈##
#.gg#≈.≈≈≈≈≈≈≈≈#
#.†g#########..#
#..@.##≈≈≈≈≈≈..#
#...##≈÷......##
#...#..≈≈≈≈≈≈##
#####..#########
#≈≈≈≈≈≈≈≈≈.##
##≈..≈≈.≈.≈≈#
########≈≈.#
###.# ##.#


You could see 3 gnolls.

Vanquished Creatures
  A gnoll (D:3)
  2 adders
  8 oozes
  4 dart slugs
  4 worms
  6 giant geckos
  An orc (D:3)
  8 giant cockroaches
  3 goblins
  7 hobgoblins
  8 jackals
  5 kobolds
  4 ball pythons
  13 bats
  2 giant newts
  6 rats
82 creatures vanquished.

Notes
Turn   | Place    | Note
--------------------------------------------------------------
     0 | D:1      | Quirk the Demonspawn Gladiator began the quest for the Orb.
     0 | D:1      | Reached XP level 1. HP: 16/16 MP: 1/1
   262 | D:1      | Gained mutation: You are partially covered in icy blue scales (AC +1). [demonic ancestry]
   262 | D:1      | Reached XP level 2. HP: 20/23 MP: 2/2
   664 | D:1      | Reached XP level 3. HP: 27/28 MP: 3/3
   843 | D:2      | Found a shimmering altar of Xom.
  1028 | D:2      | Reached skill level 1 in Armour
  1109 | D:2      | Gained mutation: You are mostly covered in icy blue scales (AC +3, EV -1). [demonic ancestry]
  1109 | D:2      | Reached XP level 4. HP: 31/34 MP: 4/4
  1519 | D:3      | Noticed Blunderbuss's ghost (amateur OgFE)
  1748 | D:3      | Found a glowing drain.
  1822 | Sewer    | Entered a sewer
  2493 | Sewer    | Reached XP level 5. HP: 36/41 MP: 5/5
  2564 | D:3      | Slain by a gnoll

Skill      XL: |  1  2  3  4 |
---------------+-------------+-----
Dodging        | 3 |  3.5
Axes           | 3 |  3.5
Armour         | 1 |  1.3
Fighting       | 3 |  3.7
Throwing       | |  1.7

Action                   |  1- 3 |  4- 6 || total
-------------------------+-------+-------++-------
Melee: War axe           |   105 |   145 ||   250
  Use: Scroll            |       |     6 ||     6
       Potion            |       |     4 ||     4
 Stab: Sleeping          |     1 |       ||     1
  Eat: Chunk             |     1 |     4 ||     5
Armor: Leather armour    |    40 |   105 ||   145
Dodge: Dodged            |    89 |   153 ||   242
